Workbook

Sheet Données
A1: Numéro BT | B1: Titre BT | C1: Etat | D1: Code Equipement | E1: Désignation Eq | F1: Type de travail | G1: Commentaires | H1: Compte rendu | I1: Création | J1: Nom demandeur | K1: Degré d'urgence | L1: Centre de charge | M1: Date clôture | N1: création | O1: clôt | P1: Création = Clôt
A2: 58625 | B2: INTERVENTION DEPANNAGE MAINT | C2: Clos | D2: 2981-VDR2 | E2: STATION DE TRAITEMENT DES EFFLUENTS | F2: Correctif | G2: debit de boue tres faible | H2: nettoyage pompe et canalisation | I2: 43896.273 | J2: FAYRET | K2: Dans la journée | L2: SAND BLASTING VDR2 | M2: 43899.275 | N2: =TEXT(I2,"jj/mm/aaaa") -> 06/03/2020 | O2: =TEXT(M2,"jj/mm/aaaa") -> 09/03/2020 | P2: =IF(N2=O2,1,0) -> 0
A3: 59258 | B3: iNTERVENTION DEPANNAGE MAINT | C3: Clos | D3: 2542-VDR2 | E3: MACHINE LAVAGE SOUS VIDE | F3: Correctif | G3: machine ne fonctionne pas | I3: 43941.529 | J3: SIMIAN | K3: Dans la semaine | L3: DEGRAISSAGE UAP4 VDR2 | M3: 43941.53 | N3: =TEXT(I3,"jj/mm/aaaa") -> 20/04/2020 | O3: =TEXT(M3,"jj/mm/aaaa") -> 20/04/2020 | P3: =IF(N3=O3,1,0) -> 1
A4: 39322 | B4: Vérification des appareils de levage | C4: Clos | D4: 1653-VDR1 | E4: PALAN ADC SUR PONT ROULANT | F4: Correctif | G4: Vérification annuelle des appareils de levage_x000D_ Voir rapport dans commentaire et fichiers associés de la machine_x000D_ Intervention du 16/05/2018 | H4: -Remettre en état un des support de la guirlande._x000D_ _x000D_ -Remettre en état le gyrophare. | I4: 43150.324 | J4: GRIGGIO | K4: Sécurité | L4: FRAIS DE FABRICATION UAP2 | M4: 43935.404 | N4: =TEXT(I4,"jj/mm/aaaa") -> 19/02/2018 | O4: =TEXT(M4,"jj/mm/aaaa") -> 14/04/2020 | P4: =IF(N4=O4,1,0) -> 0
A5: 51114 | B5: DI 19586 : MAINTENANCE | C5: Clos | D5: 2070-VDR2 | E5: TOUR HAAS GT20 | F5: Amelioration | G5: Mettre un pistolet à l'intérieur de la machine (branché sur l'huile soluble) pour le nettoyage machine. | H5: philippe matériel à commander:liste donnée à sèverine le 24/09/19_x000D_ _x000D_ es 26/09 cde faite par Marjorie suite a la DA62380 chez RS_x000D_ ES 09/10 RELANCE MARJORIE_x000D_ recu la totalite de la marchandises le 14/10_x000D_ _x000D_ a faire sur les 4 GT20 du gap 4_x000D_ es 20/01 ddp orexad_x000D_ fait sur le 1930 pour essais si ok_x000D_ pour suite :_x000D_ à commander raccords legris 216p-6 (10)_x000D_ 2 pistolets réf?_x000D_ es 22/01 cde raccord 6131709 orexad livraison 8 jours_x000D_ pièces reçu_x000D_ Reste 1931 a faire. Tuyau GATES GP60 8mm a commander_x000D_ es 09/03 ddp cir_x000D_ 1931:ok | I5: 43606.477 | J5: CLOT | K5: Dans le mois | L5: TOURNAGE UAP3 VDR2 | M5: 43949.432 | N5: =TEXT(I5,"jj/mm/aaaa") -> 21/05/2019 | O5: =TEXT(M5,"jj/mm/aaaa") -> 28/04/2020 | P5: =IF(N5=O5,1,0) -> 0
A6: 54415 | B6: DI 20107 : MAINTENANCE | C6: Clos | D6: 2546-VDR2 | E6: TARAUDEUSE | F6: Correctif | G6: Sécurité trappe vérin ne fonctionne pas. | H6: DR 4/12 : relance et sortir BT_x000D_ ES 12/12 DDP REXEL Ne distribuant pas la marque ALLEN BRADLEY_x000D_ 12/12 ddp sogedoc_x000D_ es 18/12 relance ddp sogedoc_x000D_ ES 20/12 CDE 6131474 SOGEDOC LIVRAISON 11/01/20_x000D_ DR 22/01 = relance SOGEDOC le 22/01_x000D_ es 05/02 mail de relance livraison_x000D_ commande partie chez le fournisseur le 30/01/20_x000D_ RECU LE 05/02 | I6: 43752.588 | J6: CAVALIE | K6: Sécurité | L6: GAP2 ILOT BOEING | M6: 43950.669 | N6: =TEXT(I6,"jj/mm/aaaa") -> 14/10/2019 | O6: =TEXT(M6,"jj/mm/aaaa") -> 29/04/2020 | P6: =IF(N6=O6,1,0) -> 0
A7: 56697 | B7: DI 21367 : MAINTENANCE | C7: Clos | D7: 2928-VDR2 | E7: TOUR DOOSAN LYNX | F7: Correctif | G7: Remplacer les joints du pot de serrage (l'huile de coupe passe dans le circuit du pot de serrage). | H7: voir meca central_x000D_ 22/04/2020 RAS => clôture du BT | I7: 43837.317 | J7: BEC | K7: Dans la journée | L7: UAP SLEEVE | M7: 43944.303 | N7: =TEXT(I7,"jj/mm/aaaa") -> 07/01/2020 | O7: =TEXT(M7,"jj/mm/aaaa") -> 23/04/2020 | P7: =IF(N7=O7,1,0) -> 0
A8: 57078 | B8: DI 21716 : MAINTENANCE | C8: Clos | D8: 2011-VDR2 | E8: MACHINE DE VIBRATION | F8: Correctif | G8: Plus de courant sur la machine de vibration ( disjonctée ):_x000D_ _x000D_ Cette situation ne peut plus durer , nous arrivons à une fréquence d'arret de 1 à 2 fois par semaine, avec un temps de remise en service relativement long ( Nacelle nécessaire )._x000D_ Nous ne pouvons effectuer les essais correctement sans que nous ayons un arret au beau milieux. Nous devons à chaque fois recommencer tous les essais depuis le début ._x000D_ Cela nous impacte sur les dates de livraison données à notre clientelle + une perte de temps culumé considérable ._x000D_ Merci de mettre en place un systéme fiable ou facile à remettre sous tension . _x000D_ _x000D_ Merci pour votre compréhension ._x000D_ _x000D_ Ctdl_x000D_ _x000D_ J RAYNAL | H8: Probléme au niveau de la connexion bornier sur la phase1 a voir si la machine redeclenche bt en cours_x000D_ _x000D_ MB 15/04 Retour prod (RAYNAL Jacques) = RAS => clôture du BT | I8: 43851.393 | J8: RAYNAL | K8: Dans la journée | L8: LABORATOIRE | M8: 43942.524 | N8: =TEXT(I8,"jj/mm/aaaa") -> 21/01/2020 | O8: =TEXT(M8,"jj/mm/aaaa") -> 21/04/2020 | P8: =IF(N8=O8,1,0) -> 0
A9: 57401 | B9: DI 21877 : MAINTENANCE | C9: Clos | D9: 02874-VDR2 | E9: FOUR DE REVENU | F9: Correctif | G9: la pompe séche fait un bruit de sifflement | H9: controle bruit pompe par le technicien EDWARDS _x000D_ VOIR RAPPORT TECHNICIEN DEBUT DE SEMAINE_x000D_ relance daniel roux pour plus d'info._x000D_ Le technicien Edwards a ouvert un ticket SAV chez eux pour que quelqu’un nous rappelle à ce sujet car il y avait un paramètre à vérifier sur la pompe._x000D_ Pour lui il n’y a pas d’urgence particulière, certes elle fait un peu de bruit mais cela ne met pas en danger le fonctionnement de la pompe. | I9: 43861.462 | J9: LEONARD | K9: Dans la semaine | L9: HEAT TREATMENT VDR2 | M9: 43949.859 | N9: =TEXT(I9,"jj/mm/aaaa") -> 31/01/2020 | O9: =TEXT(M9,"jj/mm/aaaa") -> 28/04/2020 | P9: =IF(N9=O9,1,0) -> 0
A10: 58553 | B10: DI 22265 : MAINTENANCE | C10: Clos | D10: 314-VDR2 | E10: RECTIF AUTO | F10: Correctif | G10: modifier sortie d'arrosage prendre exemple sur la RSS 2669 | H10: commande robinet_x000D_ doc passée à SE_x000D_ es 09/03 ddp cir_x000D_ ES 06/03 CDE 6132237 LIVRAISON 21/03_x000D_ MB 26/03 relance mail | I10: 43895.219 | J10: GARDOU | K10: Dans le mois | L10: RECTIF GALETAGE AUTO GAP4-UAP6 | M10: 43950.501 | N10: =TEXT(I10,"jj/mm/aaaa") -> 05/03/2020 | O10: =TEXT(M10,"jj/mm/aaaa") -> 29/04/2020 | P10: =IF(N10=O10,1,0) -> 0
A11: 58788 | B11: DI 22362 : SERRURERIE | C11: Clos | D11: UTIL-PRO-VDR2 | E11: UTILITES PROCESS VDR2 | F11: Correctif | G11: Bonjour,_x000D_ _x000D_ je vous ai laissé à l'arrière de la maintenance 4 chariots à copeaux qui ont pour 3 une roue à changer et pour le 4éme la poignée à ressouder._x000D_ _x000D_ merci d'avance._x000D_ cordialement. | H11: herve_x000D_ es 16/03 ddp orexad_x000D_ es 17/03 cde 6132246 livraison ? | I11: 43902.386 | J11: BROS | K11: Dans la semaine | M11: 43948.537 | N11: =TEXT(I11,"jj/mm/aaaa") -> 12/03/2020 | O11: =TEXT(M11,"jj/mm/aaaa") -> 27/04/2020 | P11: =IF(N11=O11,1,0) -> 0
A12: 58801 | B12: DI 22267 : MAINTENANCE | C12: Clos | D12: 2213-VDR2 | E12: POLISSEUSE | F12: Correctif | G12: La polisseuse fait disjoncter le bloc prise lorsqu’on la met sous tension_x000D_ Voir si l'électrovanne de l'arrosage fonctionne_x000D_ Labo Qualité 2-6 | H12: MB 07/04 : OA 3061653 electrovanne chez OREXAD délais 09/04/20_x000D_ Reçu le 23/04/2020_x000D_ Pas un probleme d'electrovanne mais de parametrage | I12: 43902.572 | J12: MARUEJOULS | K12: Dans la journée | L12: LABORATOIRE | M12: 43944.377 | N12: =TEXT(I12,"jj/mm/aaaa") -> 12/03/2020 | O12: =TEXT(M12,"jj/mm/aaaa") -> 23/04/2020 | P12: =IF(N12=O12,1,0) -> 0
A13: 58805 | B13: INTERVENTION DEPANNAGE MAINT | C13: Clos | D13: 2937-VDR2 | E13: LIGNE DE CADMIAGE AUTO | F13: Correctif | G13: deux silent bloc d'un des tonneaux hs | H13: demontage d'un des tonneaux de l'argentage pour depannage _x000D_ commader 2 sachets Plot antivibratoire RS PRO, 25mm x 20mm M6 Caoutchouc naturel_x000D_ _x000D_ Code commande RS 171-2621 Marque RS PRO_x000D_ es 16/03 ddp orexad_x000D_ es 17/03 cde 6132246 livraison ?_x000D_ mb 26/03 relance mail_x000D_ ES 15/04 les plots recu ne convient pas _x000D_ ES 17/04 CDE 6132290 OREXAD | I13: 43902.666 | J13: GRAS | K13: Dans la journée | L13: OTHERS SURFACE TREATMENT VDR2 | M13: 43948.663 | N13: =TEXT(I13,"jj/mm/aaaa") -> 12/03/2020 | O13: =TEXT(M13,"jj/mm/aaaa") -> 27/04/2020 | P13: =IF(N13=O13,1,0) -> 0
A14: 58826 | B14: iNTERVENTION DEPANNAGE MAINT | C14: Clos | D14: 1671-VDR2 | E14: BANC DE MAGNETOSCOPIE | F14: Correctif | G14: filtre inox a changer | H14: voir severine_x000D_ ES 13/03 DDP CGM_x000D_ es 16/03 cde 6132239 CGM ITALIE LIVRAISON 10 JOURS_x000D_ 1 en xstock plateau 28 | I14: 43903.436 | J14: SIMIAN | L14: CND METALLOSCOPE | M14: 43949.69 | N14: =TEXT(I14,"jj/mm/aaaa") -> 13/03/2020 | O14: =TEXT(M14,"jj/mm/aaaa") -> 28/04/2020 | P14: =IF(N14=O14,1,0) -> 0
A15: 58986 | B15: INTERVENTION DEPANNAGE MAINT | C15: Clos | D15: 2981-VDR2 | E15: STATION DE TRAITEMENT DES EFFLUENTS | F15: Correctif | G15: sonde de niveau d'un cubitainer 4 bains uses CN-valorises ne fonctionne pas bien. _x000D_ probleme de valeurs erronées ( de 3% A 100%)_x000D_ defaut niveau max . | H15: demande garantie pour une Sonde de niveau hydrostatique Waterpilot FMX21_x000D_ ref FMX21-2XMN1/0 ( sonde PTC124-01 cubi 4)_x000D_ _x000D_ MB : 02/04 réponse CMI-PROSERPOL Mr DEHARBRE James _x000D_ - Débridage de la bride supérieure, pour effectuer la mise à l’air,_x000D_ - Vérifier que le pot est bien vide : vanne fermée du flexible et pot plein lors du remplacement du conteneur)_x000D_ _x000D_ MB 07/04 commande 6132265 livraison 22/04/2020_x000D_ _x000D_ reçu 27/04/2020 AU CHANGEMENT DE LA SONDE METTRE L'ANCIENNE SUR LA PALETTE DES PIECES PRIT EN GARANTIE (AVEC IDENTIFICATION)_x000D_ CHANGEMENT SONDE REGLAGE HAUTEUR ESSAI OK | I15: 43922.848 | J15: GRAS | K15: Dans la journée | L15: SAND BLASTING VDR2 | M15: 43948.775 | N15: =TEXT(I15,"jj/mm/aaaa") -> 01/04/2020 | O15: =TEXT(M15,"jj/mm/aaaa") -> 27/04/2020 | P15: =IF(N15=O15,1,0) -> 0
A16: 59111 | B16: DI 22421 : MAINTENANCE | C16: Clos | D16: 1622-VDR2 | E16: PLIEUSE ECROUS | F16: Correctif | G16: Branchement d'un bandeau lumineux sur le poste de travail | H16: à commander driver et connecteur (voir feuille rs)_x000D_ es 09/04 cde 6132273 livraison 24/04_x000D_ es 15/04 recu driver il manque le connecteur LED_x000D_ reçu le 27/04 | I16: 43930.629 | J16: ROQUES | K16: Dans la semaine | L16: GAP 4 PRELEVEMENT ECROUS | M16: 43949.375 | N16: =TEXT(I16,"jj/mm/aaaa") -> 09/04/2020 | O16: =TEXT(M16,"jj/mm/aaaa") -> 28/04/2020 | P16: =IF(N16=O16,1,0) -> 0
A17: 59169 | B17: INTERVENTION DEPANNAGE MAINT | C17: Clos | D17: 1915-VDR2 | E17: CENTRE D'USINAGE HAAS SUPER MINIMILL | F17: Correctif | G17: alarme cable codeur Z + impossible de faire bouger les axes | H17: Opérateur seulement la nuit._x000D_ Câble a commander_x000D_ es 10/04 ddp performer_x000D_ es 17/04 cde 6132294_x000D_ ss 23/04 changement du faisceau operateur de nuit va realiser les essais | I17: 43931.424 | J17: VEYRAC | K17: Dans la semaine | L17: PERCAGE/EBAVURAGE UAP3 VDR2 | M17: 43944.657 | N17: =TEXT(I17,"jj/mm/aaaa") -> 10/04/2020 | O17: =TEXT(M17,"jj/mm/aaaa") -> 23/04/2020 | P17: =IF(N17=O17,1,0) -> 0
A18: 59213 | B18: INTERVENTION DEPANNAGE MAINT | C18: Clos | D18: 2654-VDR2 | E18: CHAINE RESSUAGE | F18: Correctif | G18: le verrouillage du panier au niveau du rincage manuel ne bloque pas | H18: a commander chez RS_x000D_ _x000D_ TELEMECANIQUE_x000D_ _x000D_ XCSLF3737312_x000D_ es 15/04 cde 6132284 RS_x000D_ MB 21/04 cde réçu | I18: 43936.393 | J18: SIMIAN | L18: CND METALLOSCOPE | M18: 43942.428 | N18: =TEXT(I18,"jj/mm/aaaa") -> 15/04/2020 | O18: =TEXT(M18,"jj/mm/aaaa") -> 21/04/2020 | P18: =IF(N18=O18,1,0) -> 0
A19: 59227 | B19: INTERVENTION DEPANNAGE MAINT | C19: Clos | D19: 2662-VDR2 | E19: ALESEUSE - TARAUDEUSE | F19: Correctif | G19: capteur controle position piece chargeur hs _x000D_ probleme de capteur serrage pince de gauche reglage | H19: commander 1 tête telemecanique sensors osisense XC pour serie XC_x000D_ code commande RS : 609-3610 telemecanique ref ZCE06 | I19: 43937.714 | J19: GRAS | K19: Dans la semaine | L19: GAP2 ILOT BOEING | M19: 43948.675 | N19: =TEXT(I19,"jj/mm/aaaa") -> 16/04/2020 | O19: =TEXT(M19,"jj/mm/aaaa") -> 27/04/2020 | P19: =IF(N19=O19,1,0) -> 0
A20: 59265 | B20: INTERVENTION DEPANNAGE MAINT | C20: Clos | D20: 641-VDR2 | E20: RECTIF MANUELLE | F20: Correctif | G20: Ne part pas en cycle | H20: Depuis modifications acténium il faut laisser appuyer le bouton depart cycle pour que cela fonctionne. pour bloquer les meules en position plongée pareil laisser appuyer le bouton + basculer le selecteur sur manu | I20: 43941.341 | J20: VEYRAC | K20: Dans la semaine | L20: AIRBUS HELICOPTER VDR2 | M20: 43942.343 | N20: =TEXT(I20,"jj/mm/aaaa") -> 20/04/2020 | O20: =TEXT(M20,"jj/mm/aaaa") -> 21/04/2020 | P20: =IF(N20=O20,1,0) -> 0
A21: 59266 | B21: INTERVENTION DEPANNAGE MAINT | C21: Clos | D21: 1617-VDR2 | E21: TOUR MAZAK QTNEXUS200 | F21: Correctif | G21: Lampe led HS | H21: A commander 2 spots RS 777-7962. | I21: 43942.344 | J21: VEYRAC | K21: Dans la semaine | L21: AIRBUS HELICOPTER VDR2 | M21: 43944.387 | N21: =TEXT(I21,"jj/mm/aaaa") -> 21/04/2020 | O21: =TEXT(M21,"jj/mm/aaaa") -> 23/04/2020 | P21: =IF(N21=O21,1,0) -> 0
A22: 59267 | B22: INTERVENTION DEPANNAGE MAINT | C22: Clos | D22: 1679-VDR2 | E22: SABLEUSE | F22: Correctif | G22: ne se met pas en service | H22: défaut trappe du bas mal fermé l'opérateur ne met pas les ecrous papillons..._x000D_ Fil sécurité trappe arrière 7 HS remplacement avec un en rab | I22: 43942.349 | J22: VEYRAC | K22: Dans le mois | L22: DEMOLYKOTAGE | M22: 43942.351 | N22: =TEXT(I22,"jj/mm/aaaa") -> 21/04/2020 | O22: =TEXT(M22,"jj/mm/aaaa") -> 21/04/2020 | P22: =IF(N22=O22,1,0) -> 1
A23: 59268 | B23: INTERVENTION DEPANNAGE MAINT | C23: Clos | D23: 1700-VDR2 | E23: ASPIRATEUR DEPOUSSIEREUR SABLAGE | F23: Correctif | G23: l'aspiration ne se met pas en route | H23: contact temporisé HS | I23: 43942.351 | J23: VEYRAC | L23: DEMOLYKOTAGE | M23: 43942.352 | N23: =TEXT(I23,"jj/mm/aaaa") -> 21/04/2020 | O23: =TEXT(M23,"jj/mm/aaaa") -> 21/04/2020 | P23: =IF(N23=O23,1,0) -> 1
A24: 59269 | B24: iNTERVENTION DEPANNAGE MAINT | C24: Clos | D24: 4037-VDR2 | E24: STOCKEUR CIAMPALINI | F24: Correctif | G24: defaut capteur porteur | H24: a commander reflecteur code rs: 832-0068_x000D_ quantité: 4_x000D_ merci_x000D_ Mise en place d'un réflecteur provisoire_x000D_ Changement de 2 , un cassé et celui mis en provisoire_x000D_ plus 2 mis en stock dans le carton a l'interieur de l'armoire elec | I24: 43942.517 | J24: SIMIAN | L24: BATIMENT VDR2 | M24: 43944.352 | N24: =TEXT(I24,"jj/mm/aaaa") -> 21/04/2020 | O24: =TEXT(M24,"jj/mm/aaaa") -> 23/04/2020 | P24: =IF(N24=O24,1,0) -> 0
A25: 59271 | B25: DI 21966 : MAINTENANCE | C25: Clos | D25: 2104-VDR2 | E25: PRESSE BRET 250T | F25: Correctif | G25: Changer écrou sur inducteur carré_x000D_ _x000D_ Merci_x000D_ _x000D_ ALAIN | H25: ok | I25: 43942.857 | J25: COSTES | K25: Dans le mois | L25: PREPARATION LOPIN UAP4 VDR2 | M25: 43942.857 | N25: =TEXT(I25,"jj/mm/aaaa") -> 21/04/2020 | O25: =TEXT(M25,"jj/mm/aaaa") -> 21/04/2020 | P25: =IF(N25=O25,1,0) -> 1
A26: 59272 | B26: DI 21606 : MAINTENANCE | C26: Clos | D26: 1705-VDR2 | E26: GENERATEUR MP25 | F26: Correctif | G26: Réparation d'un inducteur Merci_x000D_ _x000D_ ALAIN | H26: ok | I26: 43942.858 | J26: COSTES | K26: Dans le mois | L26: PREPARATION LOPIN UAP4 VDR2 | M26: 43942.858 | N26: =TEXT(I26,"jj/mm/aaaa") -> 21/04/2020 | O26: =TEXT(M26,"jj/mm/aaaa") -> 21/04/2020 | P26: =IF(N26=O26,1,0) -> 1
A27: 59273 | B27: INTERVENTION DEPANNAGE MAINT | C27: Clos | D27: 2053-VDR2 | E27: SORBONNE ATTAQUE ACIDE | F27: Correctif | G27: prises sorbone + machine traction disjonctée | I27: 43943.337 | J27: VEYRAC | L27: LABORATOIRE | M27: 43943.338 | N27: =TEXT(I27,"jj/mm/aaaa") -> 22/04/2020 | O27: =TEXT(M27,"jj/mm/aaaa") -> 22/04/2020 | P27: =IF(N27=O27,1,0) -> 1
A28: 59274 | B28: AMELIORATION VDR2 MAINTENANCE | C28: Clos | D28: 1374-VDR2 | E28: RESSUAGE | F28: Amelioration | G28: glissiere porte trop courte | H28: fabrication rallonge plus reglage alignement robot aux cuves | I28: 43943.471 | J28: DELMAS | L28: CND METALLOSCOPE | M28: 43943.472 | N28: =TEXT(I28,"jj/mm/aaaa") -> 22/04/2020 | O28: =TEXT(M28,"jj/mm/aaaa") -> 22/04/2020 | P28: =IF(N28=O28,1,0) -> 1
A29: 59275 | B29: INTERVENTION DEPANNAGE MAINT | C29: Clos | D29: 2091-VDR2 | E29: RECTIF AUTO | F29: Correctif | G29: Roulements renvoi molette HS + Câble capteur recul diamant HS | H29: Changement du câble et modif support roulement pour pouvoir mettre 2 roulements côté poulie | I29: 43943.499 | J29: VEYRAC | K29: Dans la journée | L29: GOUJONS ET GROS DIAMETRES VDR2 | M29: 43944.387 | N29: =TEXT(I29,"jj/mm/aaaa") -> 22/04/2020 | O29: =TEXT(M29,"jj/mm/aaaa") -> 23/04/2020 | P29: =IF(N29=O29,1,0) -> 0
A30: 59276 | B30: iNTERVENTION DEPANNAGE MAINT | C30: Clos | D30: 1214-VDR2 | E30: PRESSE AUTOMATIQUE N56 | F30: Correctif | G30: separateur bloqué | I30: 43943.516 | J30: SIMIAN | K30: Dans la semaine | L30: GAP 3 MATRICAGE AUTOMATIQUE N56 CHAUD | M30: 43943.516 | N30: =TEXT(I30,"jj/mm/aaaa") -> 22/04/2020 | O30: =TEXT(M30,"jj/mm/aaaa") -> 22/04/2020 | P30: =IF(N30=O30,1,0) -> 1
A31: 59277 | B31: iNTERVENTION DEPANNAGE MAINT | C31: Clos | D31: 1220-VDR2 | E31: TOUR TRAUB TD26 | F31: Correctif | G31: defaut temps indexation trop long | I31: 43943.517 | J31: SIMIAN | K31: Dans le mois | L31: REPRISE AUTO GAP3-UAP6 | M31: 43943.517 | N31: =TEXT(I31,"jj/mm/aaaa") -> 22/04/2020 | O31: =TEXT(M31,"jj/mm/aaaa") -> 22/04/2020 | P31: =IF(N31=O31,1,0) -> 1
A32: 59278 | B32: iNTERVENTION DEPANNAGE MAINT | C32: Clos | D32: 823A-VDR2 | E32: IVD | F32: Correctif | G32: axe derouleur de fil hs | H32: chan,gement axe et fabrication bague torlon cafr ancie,nne pas au bon diametre interieur | I32: 43943.517 | J32: SIMIAN | K32: Dans la journée | L32: IVD | M32: 43943.518 | N32: =TEXT(I32,"jj/mm/aaaa") -> 22/04/2020 | O32: =TEXT(M32,"jj/mm/aaaa") -> 22/04/2020 | P32: =IF(N32=O32,1,0) -> 1
A33: 59279 | B33: iNTERVENTION DEPANNAGE MAINT | C33: Clos | D33: 2121-VDR2 | E33: MACHINE LAVAGE SOUS VIDE | F33: Correctif | G33: machone a l'arrét avec porte ouverte ??? | H33: remise en position de toutes les conditions initiale et machine ok | I33: 43943.519 | J33: SIMIAN | K33: Dans la semaine | L33: DEGRAISSAGE SAUF TA6V | M33: 43943.519 | N33: =TEXT(I33,"jj/mm/aaaa") -> 22/04/2020 | O33: =TEXT(M33,"jj/mm/aaaa") -> 22/04/2020 | P33: =IF(N33=O33,1,0) -> 1
A34: 59280 | B34: DI 22426 : MAINTENANCE | C34: Clos | D34: 2669-VDR2 | E34: RECTIF AUTO | F34: Correctif | G34: tapis evacuation pieces a retendre ou a changer | H34: enlever maillon | I34: 43943.525 | J34: GARDOU | K34: Dans la journée | L34: RECTIF GALETAGE AUTO GAP4-UAP6 | M34: 43943.527 | N34: =TEXT(I34,"jj/mm/aaaa") -> 22/04/2020 | O34: =TEXT(M34,"jj/mm/aaaa") -> 22/04/2020 | P34: =IF(N34=O34,1,0) -> 1
A35: 59284 | B35: iNTERVENTION DEPANNAGE MAINT | C35: Clos | D35: 1162-VDR2 | E35: CADMIAGE SOUS VIDE | F35: Correctif | G35: diffusion a l'arret impossible de mettre en chauffe | H35: changement jauge pirani | I35: 43944.353 | J35: SIMIAN | K35: Dans la journée | L35: VACUUM SURFACE TREATMENT VDR2 | M35: 43944.353 | N35: =TEXT(I35,"jj/mm/aaaa") -> 23/04/2020 | O35: =TEXT(M35,"jj/mm/aaaa") -> 23/04/2020 | P35: =IF(N35=O35,1,0) -> 1
A36: 59285 | B36: iNTERVENTION DEPANNAGE MAINT | C36: Clos | D36: 4038-VDR2 | E36: CENTRALE DE FILTRATION D'HUILE TRANCHE 1 | F36: Correctif | G36: changement big bag | H36: fait la sortie du big bag "vu avec jerome jason" | I36: 43944.354 | J36: SIMIAN | K36: Dans la journée | L36: BATIMENT VDR2 | M36: 43944.354 | N36: =TEXT(I36,"jj/mm/aaaa") -> 23/04/2020 | O36: =TEXT(M36,"jj/mm/aaaa") -> 23/04/2020 | P36: =IF(N36=O36,1,0) -> 1
A37: 59286 | B37: INTERVENTION DEPANNAGE MAINT | C37: Clos | D37: 1323-VDR2 | E37: TOURET A MEULER | F37: Correctif | G37: poulie a bande hs | H37: remise en etat poulie plus changer roulement plus soudure carter plus peinture | I37: 43944.432 | J37: DELMAS | L37: FRAIS DE FABRICATION UAP2 | M37: 43944.435 | N37: =TEXT(I37,"jj/mm/aaaa") -> 23/04/2020 | O37: =TEXT(M37,"jj/mm/aaaa") -> 23/04/2020 | P37: =IF(N37=O37,1,0) -> 1
A38: 59287 | B38: REMPLACEMENT ELEMENT EXISTANT MAINT | C38: Clos | D38: 2529-VDR2 | E38: DEMOLYKOTEUSE PAR ULTRASONS FISA | F38: Correctif | G38: Défaut de lecture programme | H38: Dsique dur en défaut_x000D_ Commande disque et intervention CCO le 24/04/2020_x000D_ ES 23/04 CDE 6132304 INTERVATION CCO INFORMATIQUE_x000D_ Apres installation essai ok | I38: 43944.46 | J38: SIMIAN | K38: Dans la semaine | L38: DEMOLYKOTAGE | M38: 43948.732 | N38: =TEXT(I38,"jj/mm/aaaa") -> 23/04/2020 | O38: =TEXT(M38,"jj/mm/aaaa") -> 27/04/2020 | P38: =IF(N38=O38,1,0) -> 0
A39: 59289 | B39: INTERVENTION DEPANNAGE MAINT | C39: Clos | D39: 1224-VDR2 | E39: TOUR KNC 100 | F39: Correctif | G39: l 'ecran s'éteind lorsque l'on appuie sur le bouton serrage pince | H39: câble pédale HS | I39: 43944.526 | J39: VEYRAC | K39: Dans la semaine | L39: GAP 1 COMMANDE NUMERIQUE | M39: 43945.456 | N39: =TEXT(I39,"jj/mm/aaaa") -> 23/04/2020 | O39: =TEXT(M39,"jj/mm/aaaa") -> 24/04/2020 | P39: =IF(N39=O39,1,0) -> 0
A40: 59290 | B40: INTERVENTION DEPANNAGE MAINT | C40: Clos | D40: 3043-VDR2 | E40: CELLULE ROBOTISEE | F40: Correctif | G40: tete de vis HS | H40: demontage du bloc et changment des vis | I40: 43944.575 | J40: SIMIAN | L40: GAP2 ILOT BOEING | M40: 43944.576 | N40: =TEXT(I40,"jj/mm/aaaa") -> 23/04/2020 | O40: =TEXT(M40,"jj/mm/aaaa") -> 23/04/2020 | P40: =IF(N40=O40,1,0) -> 1
A41: 59291 | B41: INTERVENTION DEPANNAGE MAINT | C41: Clos | D41: 2160-VDR2 | E41: TOUR MAZAK QT6G | F41: Correctif | G41: fuite d'air | H41: refection du tuyau | I41: 43944.576 | J41: SIMIAN | K41: Dans la semaine | L41: TOURNAGE UAP3 VDR2 | M41: 43944.577 | N41: =TEXT(I41,"jj/mm/aaaa") -> 23/04/2020 | O41: =TEXT(M41,"jj/mm/aaaa") -> 23/04/2020 | P41: =IF(N41=O41,1,0) -> 1
A42: 59293 | B42: INTERVENTION DEPANNAGE MAINT | C42: Clos | D42: 2121-VDR2 | E42: MACHINE LAVAGE SOUS VIDE | F42: Correctif | G42: probleme solvant trop élevéet panier bloqué dans la chambre de travail et distilation impossible | H42: remise en état | I42: 43944.578 | J42: SIMIAN | K42: Dans la semaine | L42: DEGRAISSAGE SAUF TA6V | M42: 43944.578 | N42: =TEXT(I42,"jj/mm/aaaa") -> 23/04/2020 | O42: =TEXT(M42,"jj/mm/aaaa") -> 23/04/2020 | P42: =IF(N42=O42,1,0) -> 1
A43: 59294 | B43: INTERVENTION DEPANNAGE MAINT | C43: Clos | D43: 2959-VDR2 | E43: LIGNE OAS AUTO | F43: Correctif | G43: fuite d air | H43: remplacement raccords | I43: 43944.782 | J43: FAYRET | K43: Dans la journée | L43: OTHERS SURFACE TREATMENT VDR2 | M43: 43944.783 | N43: =TEXT(I43,"jj/mm/aaaa") -> 23/04/2020 | O43: =TEXT(M43,"jj/mm/aaaa") -> 23/04/2020 | P43: =IF(N43=O43,1,0) -> 1
A44: 59295 | B44: INTERVENTION DEPANNAGE MAINT | C44: Clos | D44: 2954-VDR2 | E44: LIGNE PASSIVATION AUTO | F44: Correctif | G44: fuite dair | H44: remplacement raccords | I44: 43944.783 | J44: FAYRET | K44: Dans la journée | L44: OTHERS SURFACE TREATMENT VDR2 | M44: 43944.784 | N44: =TEXT(I44,"jj/mm/aaaa") -> 23/04/2020 | O44: =TEXT(M44,"jj/mm/aaaa") -> 23/04/2020 | P44: =IF(N44=O44,1,0) -> 1
A45: 59296 | B45: INTERVENTION DEPANNAGE MAINT | C45: Clos | D45: 2159-VDR2 | E45: SABLEUSE | F45: Correctif | G45: s arrete en cours de cycle | H45: manque de sable | I45: 43944.786 | J45: FAYRET | K45: Dans le mois | L45: DEMOLYKOTAGE | M45: 43944.787 | N45: =TEXT(I45,"jj/mm/aaaa") -> 23/04/2020 | O45: =TEXT(M45,"jj/mm/aaaa") -> 23/04/2020 | P45: =IF(N45=O45,1,0) -> 1
A46: 59297 | B46: INTERVENTION DEPANNAGE MAINT | C46: Clos | D46: 877-VDR2 | E46: TOUR MAZAK QT8N | F46: Correctif | G46: probleme concentricite | H46: fabrication outil pour serrage foureau_x000D_ reparation pele reception pieces | I46: 43944.861 | J46: FAYRET | K46: Dans la semaine | L46: POLE 1 GAP1 POLE 2 CISAILLE | M46: 43944.864 | N46: =TEXT(I46,"jj/mm/aaaa") -> 23/04/2020 | O46: =TEXT(M46,"jj/mm/aaaa") -> 23/04/2020 | P46: =IF(N46=O46,1,0) -> 1
A47: 59298 | B47: INTERVENTION DEPANNAGE MAINT | C47: Clos | D47: 1597-VDR2 | E47: PRESSE 40T | F47: Correctif | G47: fuite d eau | H47: remise en etat | I47: 43944.864 | J47: FAYRET | K47: Dans la semaine | L47: PREPARATION LOPIN UAP4 VDR2 | M47: 43944.865 | N47: =TEXT(I47,"jj/mm/aaaa") -> 23/04/2020 | O47: =TEXT(M47,"jj/mm/aaaa") -> 23/04/2020 | P47: =IF(N47=O47,1,0) -> 1
A48: 59299 | B48: iNTERVENTION DEPANNAGE MAINT | C48: Clos | D48: 2056-VDR2 | E48: CENTRE D'AFFUTAGE NUMERIQUE | F48: Correctif | G48: changement joit de porte | I48: 43945.283 | J48: SIMIAN | K48: Dans le mois | L48: ATELIER OUTILLAGE | M48: 43945.283 | N48: =TEXT(I48,"jj/mm/aaaa") -> 24/04/2020 | O48: =TEXT(M48,"jj/mm/aaaa") -> 24/04/2020 | P48: =IF(N48=O48,1,0) -> 1
A49: 59300 | B49: iNTERVENTION DEPANNAGE MAINT | C49: Clos | D49: 210-VDR2 | E49: RECTIF | F49: Correctif | G49: mauvaise fixation conditionnement d'air | I49: 43945.33 | J49: SIMIAN | K49: Dans la journée | L49: MAGASIN MATIERE PREMIERE | M49: 43945.33 | N49: =TEXT(I49,"jj/mm/aaaa") -> 24/04/2020 | O49: =TEXT(M49,"jj/mm/aaaa") -> 24/04/2020 | P49: =IF(N49=O49,1,0) -> 1
A50: 59301 | B50: iNTERVENTION DEPANNAGE MAINT | C50: Clos | D50: 807-VDR2 | E50: RECTIF | F50: Correctif | G50: n'evacue pas les barres | I50: 43945.33 | J50: SIMIAN | K50: Dans la semaine | L50: MAGASIN MATIERE PREMIERE | M50: 43945.331 | N50: =TEXT(I50,"jj/mm/aaaa") -> 24/04/2020 | O50: =TEXT(M50,"jj/mm/aaaa") -> 24/04/2020 | P50: =IF(N50=O50,1,0) -> 1
A51: 59302 | B51: DI 22425 : MAINTENANCE | C51: Clos | D51: 2785-VDR2 | E51: MACHINE LAVAGE SOUS VIDE | F51: Correctif | G51: Panne dégraisseuse .défaut répétitifs: "solvant acide"(voir chgt filtre?) | H51: Plusieurs appels le matin pour démarrage machine car les personnes ne savant pas bien s'en servir mais jamais vu cette alarme._x000D_ Peut etre car la distille auto n'etait pas activé | I51: 43945.441 | J51: CLOT | K51: Dans la journée | L51: DEGRAISSAGE UAP3 VDR2 | M51: 43945.443 | N51: =TEXT(I51,"jj/mm/aaaa") -> 24/04/2020 | O51: =TEXT(M51,"jj/mm/aaaa") -> 24/04/2020 | P51: =IF(N51=O51,1,0) -> 1
A52: 59303 | B52: INTERVENTION DEPANNAGE MAINT | C52: Clos | D52: 1679-VDR2 | E52: SABLEUSE | F52: Correctif | G52: le monte charge ne démarre pas | H52: refixation capteur trappe du bas | I52: 43945.445 | J52: VEYRAC | K52: Dans le mois | L52: DEMOLYKOTAGE | M52: 43945.446 | N52: =TEXT(I52,"jj/mm/aaaa") -> 24/04/2020 | O52: =TEXT(M52,"jj/mm/aaaa") -> 24/04/2020 | P52: =IF(N52=O52,1,0) -> 1
A53: 59305 | B53: INTERVENTION DEPANNAGE MAINT | C53: Clos | D53: 2532-VDR2 | E53: RECTIF SEMI-AUTO | F53: Correctif | G53: roulement diamantage hs | H53: remise en etat changer roulements | I53: 43945.449 | J53: DELMAS | K53: Dans la journée | L53: ILOTS GAP3 UAP4 VDR2 | M53: 43945.453 | N53: =TEXT(I53,"jj/mm/aaaa") -> 24/04/2020 | O53: =TEXT(M53,"jj/mm/aaaa") -> 24/04/2020 | P53: =IF(N53=O53,1,0) -> 1
A54: 59310 | B54: INTERVENTION DEPANNAGE MAINT | C54: Clos | D54: 2981-VDR2 | E54: STATION DE TRAITEMENT DES EFFLUENTS | F54: Correctif | G54: pompage lait de chaux dificile | H54: fabrication et pose d une canne | I54: 43943.515 | J54: FAYRET | K54: Dans la journée | L54: SAND BLASTING VDR2 | M54: 43945.517 | N54: =TEXT(I54,"jj/mm/aaaa") -> 22/04/2020 | O54: =TEXT(M54,"jj/mm/aaaa") -> 24/04/2020 | P54: =IF(N54=O54,1,0) -> 0
A55: 59311 | B55: INTERVENTION DEPANNAGE MAINT | C55: Clos | D55: 3117-VDR2 | E55: LIGNE BAIN DE SEL | F55: Correctif | G55: pannier dessoude | H55: reparation | I55: 43945.517 | J55: FAYRET | L55: SAND BLASTING VDR2 | M55: 43945.518 | N55: =TEXT(I55,"jj/mm/aaaa") -> 24/04/2020 | O55: =TEXT(M55,"jj/mm/aaaa") -> 24/04/2020 | P55: =IF(N55=O55,1,0) -> 1
A56: 59312 | B56: INTERVENTION DEPANNAGE MAINT | C56: Clos | D56: 1237-VDR2 | E56: SABLEUSE | F56: Correctif | G56: mauvaise arrive de sable et d air | H56: remplacement ligne d air_x000D_ nettoyage doseur_x000D_ pose d un bouton pour decolmater les filtres | I56: 43942.518 | J56: FAYRET | K56: Dans le mois | L56: DEMOLYKOTAGE | M56: 43945.522 | N56: =TEXT(I56,"jj/mm/aaaa") -> 21/04/2020 | O56: =TEXT(M56,"jj/mm/aaaa") -> 24/04/2020 | P56: =IF(N56=O56,1,0) -> 0
A57: 59313 | B57: INTERVENTION DEPANNAGE MAINT | C57: Clos | D57: 2954-VDR2 | E57: LIGNE PASSIVATION AUTO | F57: Correctif | G57: fuite d air | H57: remplacement raccords | I57: 43945.724 | J57: FAYRET | K57: Dans la journée | L57: OTHERS SURFACE TREATMENT VDR2 | M57: 43945.724 | N57: =TEXT(I57,"jj/mm/aaaa") -> 24/04/2020 | O57: =TEXT(M57,"jj/mm/aaaa") -> 24/04/2020 | P57: =IF(N57=O57,1,0) -> 1
A58: 59365 | B58: INTERVENTION DEPANNAGE MAINT | C58: Clos | D58: 2152-VDR2 | E58: TRONCONNEUSE | F58: Correctif | G58: machine en defaut | H58: fibre optique HS | I58: 43948.304 | J58: GUEDOT | K58: Dans la semaine | L58: PREPARATION LOPIN UAP3 VDR2 | M58: 43948.305 | N58: =TEXT(I58,"jj/mm/aaaa") -> 27/04/2020 | O58: =TEXT(M58,"jj/mm/aaaa") -> 27/04/2020 | P58: =IF(N58=O58,1,0) -> 1
A59: 59366 | B59: INTERVENTION DEPANNAGE MAINT | C59: Clos | D59: 1760-VDR2 | E59: RECTIF AUTO | F59: Correctif | G59: le convoyeur ne fonctionne pas | H59: le moteur a disjoncter | I59: 43948.381 | J59: GUEDOT | K59: Dans la journée | L59: ILOTS GAP3 UAP4 VDR2 | M59: 43948.382 | N59: =TEXT(I59,"jj/mm/aaaa") -> 27/04/2020 | O59: =TEXT(M59,"jj/mm/aaaa") -> 27/04/2020 | P59: =IF(N59=O59,1,0) -> 1
A60: 59367 | B60: INTERVENTION DEPANNAGE MAINT | C60: Clos | D60: 1696-VDR2 | E60: PRESSE 40T | F60: Correctif | G60: générateur ne fonctionne pas | H60: bai enclenché | I60: 43948.382 | J60: ROUAULT | K60: Dans la semaine | L60: GAP 3 Chauffe induction jupe ecrou et decoupe UAP 2 | M60: 43948.383 | N60: =TEXT(I60,"jj/mm/aaaa") -> 27/04/2020 | O60: =TEXT(M60,"jj/mm/aaaa") -> 27/04/2020 | P60: =IF(N60=O60,1,0) -> 1
A61: 59372 | B61: INTERVENTION DEPANNAGE MAINT | C61: Clos | D61: 1926-VDR2 | E61: MACHINE A EBAVURER TRIBOFINITION | F61: Correctif | G61: mauvais contact mise en marche convoyeur | H61: changement contact nf par no car position marche/arret était inversée | I61: 43948.407 | J61: ROUAULT | K61: Dans le mois | L61: TRIBOFINITION | M61: 43948.408 | N61: =TEXT(I61,"jj/mm/aaaa") -> 27/04/2020 | O61: =TEXT(M61,"jj/mm/aaaa") -> 27/04/2020 | P61: =IF(N61=O61,1,0) -> 1
A62: 59373 | B62: INTERVENTION DEPANNAGE MAINT | C62: Clos | D62: 2836-VDR2 | E62: TOUR BIBROCHE TAKAMAZ | F62: Correctif | G62: le tour ce mai defaut pression hydraulique basse | H62: controle des groupe hydraulique + reglage des pression pour que celle-ci soit dans la zone verte | I62: 43948.482 | J62: GUEDOT | L62: REPRISE AUTO GAP4-UAP6 | M62: 43948.483 | N62: =TEXT(I62,"jj/mm/aaaa") -> 27/04/2020 | O62: =TEXT(M62,"jj/mm/aaaa") -> 27/04/2020 | P62: =IF(N62=O62,1,0) -> 1
A63: 59374 | B63: INTERVENTION DEPANNAGE MAINT | C63: Clos | D63: 2765-VDR2 | E63: MACHINE LAVAGE SOUS VIDE - PERO | F63: Correctif | G63: Vidange de la pompe a vide plus remplacement du filtre a huile et remise a zéro du compteur pour 1000 heures. | I63: 43948.491 | J63: BOURSINHAC | L63: DEGRAISSAGE GAP6-UAP6 | M63: 43949.409 | N63: =TEXT(I63,"jj/mm/aaaa") -> 27/04/2020 | O63: =TEXT(M63,"jj/mm/aaaa") -> 28/04/2020 | P63: =IF(N63=O63,1,0) -> 0
A64: 59376 | B64: INTERVENTION DEPANNAGE MAINT | C64: Clos | D64: 3117-VDR2 | E64: LIGNE BAIN DE SEL | F64: Correctif | G64: LA pompe de brassage aciede nitrique ne brasse pas | H64: DEMONTAGE fitre entrée pompe bouché ._x000D_ nettoyage + changement joint + bague interieur remontage _x000D_ essai ok_x000D_ commander 2 kits de joints pompe M100 siebec acide nitrique | I64: 43948.663 | J64: GRAS | L64: SAND BLASTING VDR2 | M64: 43948.667 | N64: =TEXT(I64,"jj/mm/aaaa") -> 27/04/2020 | O64: =TEXT(M64,"jj/mm/aaaa") -> 27/04/2020 | P64: =IF(N64=O64,1,0) -> 1
A65: 59389 | B65: INTERVENTION DEPANNAGE MAINT | C65: Clos | D65: 1926-VDR2 | E65: MACHINE A EBAVURER TRIBOFINITION | F65: Correctif | G65: cailloux coincés...plateau cassé bol 1 | H65: réparation par collage_x000D_ attente séchage pour remontage _x000D_ prit haut bol 2 car joint hs sur bol 1_x000D_ remontage ok | I65: 43949.513 | J65: ROUAULT | K65: Dans le mois | L65: TRIBOFINITION | M65: 43950.323 | N65: =TEXT(I65,"jj/mm/aaaa") -> 28/04/2020 | O65: =TEXT(M65,"jj/mm/aaaa") -> 29/04/2020 | P65: =IF(N65=O65,1,0) -> 0
A66: 59390 | B66: INTERVENTION DEPANNAGE MAINT | C66: Clos | D66: 02779-VDR2 | E66: FOUR DE TREMPE HUILE SOUS VIDE | F66: Correctif | G66: joint de porte hs | H66: remplacement joint_x000D_ vidange pompe meca | I66: 43949.522 | J66: FAYRET | L66: HEAT TREATMENT VDR2 | M66: 43949.525 | N66: =TEXT(I66,"jj/mm/aaaa") -> 28/04/2020 | O66: =TEXT(M66,"jj/mm/aaaa") -> 28/04/2020 | P66: =IF(N66=O66,1,0) -> 1
A67: 59391 | B67: INTERVENTION DEPANNAGE MAINT | C67: Clos | D67: 1924-VDR2 | E67: BOX PEINTURE A CHARBON | F67: Correctif | G67: aspiration insufisante | H67: remplacement 13 chaussettes | I67: 43948.528 | J67: FAYRET | K67: Dans la journée | L67: OXYDATION ANODIQUE | M67: 43949.53 | N67: =TEXT(I67,"jj/mm/aaaa") -> 27/04/2020 | O67: =TEXT(M67,"jj/mm/aaaa") -> 28/04/2020 | P67: =IF(N67=O67,1,0) -> 0
A68: 59392 | B68: iNTERVENTION DEPANNAGE MAINT | C68: Clos | D68: 2785-VDR2 | E68: MACHINE LAVAGE SOUS VIDE | F68: Correctif | G68: solvant acide | I68: 43949.688 | J68: SIMIAN | K68: Dans la semaine | L68: DEGRAISSAGE UAP3 VDR2 | M68: 43949.689 | N68: =TEXT(I68,"jj/mm/aaaa") -> 28/04/2020 | O68: =TEXT(M68,"jj/mm/aaaa") -> 28/04/2020 | P68: =IF(N68=O68,1,0) -> 1
A69: 59393 | B69: iNTERVENTION DEPANNAGE MAINT | C69: Clos | D69: 2862-VDR2 | E69: PRESSE BRET PACK 16 | F69: Correctif | G69: lubrificateur auto coule en permanence | H69: nettoyage de l'ensemble pistolet et changement par la meme occasion de la buse unidirectionnelle par une multi en stock chez fred lassere | I69: 43949.691 | J69: SIMIAN | K69: Dans la journée | L69: PREPARATION LOPIN UAP3 VDR2 | M69: 43949.692 | N69: =TEXT(I69,"jj/mm/aaaa") -> 28/04/2020 | O69: =TEXT(M69,"jj/mm/aaaa") -> 28/04/2020 | P69: =IF(N69=O69,1,0) -> 1
A70: 59394 | B70: DI 22436 : MAINTENANCE | C70: Clos | D70: 2387-VDR2 | E70: BILLEUSE | F70: Correctif | G70: message d'erreur au démarrage _x000D_ machine à l'arrêt (voir le message d'erreur sur la machine) | H70: fait par l'operateur. | I70: 43949.852 | J70: LEONARD | K70: Dans la journée | L70: HEAT TREATMENT VDR2 | M70: 43949.853 | N70: =TEXT(I70,"jj/mm/aaaa") -> 28/04/2020 | O70: =TEXT(M70,"jj/mm/aaaa") -> 28/04/2020 | P70: =IF(N70=O70,1,0) -> 1
A71: 59396 | B71: INTERVENTION DEPANNAGE MAINT | C71: Clos | D71: 2033-VDR2 | E71: DEMOLYKOTEUSE | F71: Correctif | G71: defaut variateur ouverture porte 1 | H71: Reglage position codeur essai ok | I71: 43949.855 | J71: GRAS | K71: Dans la journée | L71: HEAT TREATMENT VDR2 | M71: 43949.856 | N71: =TEXT(I71,"jj/mm/aaaa") -> 28/04/2020 | O71: =TEXT(M71,"jj/mm/aaaa") -> 28/04/2020 | P71: =IF(N71=O71,1,0) -> 1
A72: 59397 | B72: INTERVENTION DEPANNAGE MAINT | C72: Clos | D72: 3001-VDR2 | E72: TRAITEMENT DES EFFLUENTS CND | F72: Correctif | G72: probleme de clapet acide sulfurique | H72: changement clapet bain neutralisation finale | I72: 43949.856 | J72: GRAS | L72: SAND BLASTING VDR2 | M72: 43949.857 | N72: =TEXT(I72,"jj/mm/aaaa") -> 28/04/2020 | O72: =TEXT(M72,"jj/mm/aaaa") -> 28/04/2020 | P72: =IF(N72=O72,1,0) -> 1
A73: 59398 | B73: DI 22433 : MAINTENANCE | C73: Clos | D73: GAP1-UAP2-VDR2 | E73: GAP1 - DEBIT FORGE USINAGE MANUEL | F73: Correctif | G73: Réparation de 3 inducteurs (2forge manuelle et 1 auto) | H73: ok | I73: 43950.394 | J73: ROQUES | K73: Dans la semaine | M73: 43950.394 | N73: =TEXT(I73,"jj/mm/aaaa") -> 29/04/2020 | O73: =TEXT(M73,"jj/mm/aaaa") -> 29/04/2020 | P73: =IF(N73=O73,1,0) -> 1
A74: 59400 | B74: INTERVENTION DEPANNAGE MAINT | C74: Clos | D74: 2862-VDR2 | E74: PRESSE BRET PACK 16 | F74: Correctif | G74: rotule cassée | H74: changement rotule | I74: 43950.465 | J74: ROUAULT | K74: Dans la journée | L74: PREPARATION LOPIN UAP3 VDR2 | M74: 43950.466 | N74: =TEXT(I74,"jj/mm/aaaa") -> 29/04/2020 | O74: =TEXT(M74,"jj/mm/aaaa") -> 29/04/2020 | P74: =IF(N74=O74,1,0) -> 1
A75: 58747 | B75: INTERVENTION DEPANNAGE MAINT | C75: Clos | D75: 1849-VDR2 | E75: TOUR Mc LEAN | F75: Correctif | G75: la broche ne tourne pas | H75: var en defaut et vitesse mal regler | I75: 43901.279 | J75: GUEDOT | K75: Dans la semaine | L75: REPRISE AUTO GAP2-UAP6 | M75: 43901.279 | N75: =TEXT(I75,"jj/mm/aaaa") -> 11/03/2020 | O75: =TEXT(M75,"jj/mm/aaaa") -> 11/03/2020 | P75: =IF(N75=O75,1,0) -> 1
A76: 58748 | B76: INTERVENTION DEPANNAGE MAINT | C76: Clos | D76: 2836-VDR2 | E76: TOUR BIBROCHE TAKAMAZ | F76: Correctif | G76: les pièces n'arrive pas sur la rampe | H76: alim et bol mal régler | I76: 43901.279 | J76: GUEDOT | L76: REPRISE AUTO GAP4-UAP6 | M76: 43901.28 | N76: =TEXT(I76,"jj/mm/aaaa") -> 11/03/2020 | O76: =TEXT(M76,"jj/mm/aaaa") -> 11/03/2020 | P76: =IF(N76=O76,1,0) -> 1
A77: 58750 | B77: DI 22301 : MAINTENANCE | C77: Clos | D77: 1224-VDR2 | E77: TOUR KNC 100 | F77: Correctif | G77: Le transfert programme de KNC 1224 ne fonctionne pas. Vu Philippe. | H77: ressoudage 3 fils_x000D_ test ok | I77: 43901.297 | J77: CAVALIE | K77: Dans la semaine | L77: GAP 1 COMMANDE NUMERIQUE | M77: 43901.298 | N77: =TEXT(I77,"jj/mm/aaaa") -> 11/03/2020 | O77: =TEXT(M77,"jj/mm/aaaa") -> 11/03/2020 | P77: =IF(N77=O77,1,0) -> 1
A78: 58157 | B78: INTERVENTION DEPANNAGE MAINT | C78: Clos | D78: 2215-VDR2 | E78: PRESSE A COUSSIN BRET 125T | F78: Correctif | G78: Le filtre à eau est cassé | H78: En commande_x000D_ réparation:ok | I78: 43882.338 | J78: SIMIAN | K78: Dans la semaine | L78: GAP 3 Chauffe induction jupe ecrou et decoupe UAP 2 | M78: 43901.309 | N78: =TEXT(I78,"jj/mm/aaaa") -> 21/02/2020 | O78: =TEXT(M78,"jj/mm/aaaa") -> 11/03/2020 | P78: =IF(N78=O78,1,0) -> 0
A79: 58752 | B79: INTERVENTION DEPANNAGE MAINT | C79: Clos | D79: 1185-VDR2 | E79: TOUR MAZAK QT20 | F79: Correctif | G79: tourelle decaler | H79: ok remise en place et reglage | I79: 43901.326 | J79: DELMAS | K79: Dans la semaine | L79: GAP 1 COMMANDE NUMERIQUE | M79: 43901.327 | N79: =TEXT(I79,"jj/mm/aaaa") -> 11/03/2020 | O79: =TEXT(M79,"jj/mm/aaaa") -> 11/03/2020 | P79: =IF(N79=O79,1,0) -> 1
A80: 58754 | B80: DI 22306 : MAINTENANCE | C80: Clos | D80: 2534-VDR2 | E80: FOUR IPSEN | F80: Correctif | G80: support de charge cassé et 2 barreaux lors du chargement | H80: es 04/03 cde 6132141 epsen livraison 06/03_x000D_ Changement des deux barreaux + connexion + 2 kb 160216 _x000D_ + 2 kb-066940-p + 2 rondelles kb-0747000 + 2 isolant k-0716303 | I80: 43901.337 | J80: LEONARD | K80: Dans la journée | L80: HEAT TREATMENT VDR2 | M80: 43901.343 | N80: =TEXT(I80,"jj/mm/aaaa") -> 11/03/2020 | O80: =TEXT(M80,"jj/mm/aaaa") -> 11/03/2020 | P80: =IF(N80=O80,1,0) -> 1
A81: 57312 | B81: DI 21885 : MAINTENANCE | C81: Clos | D81: 1299-VDR2 | E81: PERCEUSE | F81: Correctif | G81: Courroie d'entrainement HS , merci. | H81: A commander courroie 315774_x000D_ cde faite aupres de marjorie sdour suite a la DA63511_x000D_ es 12/02 relance par mail aux appros_x000D_ om 19/02 la courroie dans la nomenclature ne correspond pas à celle sur la machine_x000D_ courroie à recommander vu avec Bernadette_x000D_ es 28/02 ddp courroie orexad_x000D_ es 28/02 ddp roulement 6003ZZ a flauraud_x000D_ es 03/03 cde coirroie orexad livraison 11/03 | I81: 43859.321 | J81: OLIVIE | K81: Dans la journée | L81: PERCAGE/EBAVURAGE UAP4 VDR2 | M81: 43901.402 | N81: =TEXT(I81,"jj/mm/aaaa") -> 29/01/2020 | O81: =TEXT(M81,"jj/mm/aaaa") -> 11/03/2020 | P81: =IF(N81=O81,1,0) -> 0
A82: 58756 | B82: INTERVENTION DEPANNAGE MAINT | C82: Clos | D82: 1193-VDR2 | E82: TOUR KNC 100 | F82: Correctif | G82: 1:pompe arrosage ne fonctionne pas en manuel_x000D_ 2: cellule hs sur vérin | H82: 1:ressoudage fils sur bouton pupitre_x000D_ 2: changement cellule 307310 (consommable) | I82: 43901.407 | J82: ROUAULT | K82: Dans la semaine | L82: GAP 2 AUTO TOUS ? KNC | M82: 43901.409 | N82: =TEXT(I82,"jj/mm/aaaa") -> 11/03/2020 | O82: =TEXT(M82,"jj/mm/aaaa") -> 11/03/2020 | P82: =IF(N82=O82,1,0) -> 1
A83: 58757 | B83: INTERVENTION DEPANNAGE MAINT | C83: Clos | D83: 593-VDR2 | E83: RECTIF | F83: Correctif | G83: Chariot de diamantage saccade | H83: Refait plein du groupe hydraulique et purge du circuit._x000D_ Un raccord bijur HS et olive HS et réglage dosage bijur | I83: 43901.436 | J83: VEYRAC | K83: Dans la semaine | L83: AIRBUS HELICOPTER VDR2 | M83: 43901.438 | N83: =TEXT(I83,"jj/mm/aaaa") -> 11/03/2020 | O83: =TEXT(M83,"jj/mm/aaaa") -> 11/03/2020 | P83: =IF(N83=O83,1,0) -> 1
A84: 58719 | B84: DI 22328 : MAINTENANCE | C84: Clos | D84: 314-VDR2 | E84: RECTIF AUTO | F84: Correctif | G84: deplacer arret d'urgence | H84: ok | I84: 43900.572 | J84: GARDOU | K84: Dans la semaine | L84: RECTIF GALETAGE AUTO GAP4-UAP6 | M84: 43901.45 | N84: =TEXT(I84,"jj/mm/aaaa") -> 10/03/2020 | O84: =TEXT(M84,"jj/mm/aaaa") -> 11/03/2020 | P84: =IF(N84=O84,1,0) -> 0
A85: 57871 | B85: INTERVENTION SOUS-TRAITANT | C85: Clos | D85: 224-VDR2 | E85: RECTIF | F85: Correctif | G85: Bonjour,_x000D_ _x000D_ Intervention s/traitant MONTELS pour resserrage des jeux des 2 broches de la rectif 224._x000D_ _x000D_ Montant de 1 300.00€ suivant Devis N°1497-02-20_x000D_ _x000D_ Cordialement_x000D_ _x000D_ Christophe K. | H85: cde 6131972 montel_x000D_ es 18/02 cde 6131972_x000D_ DR 04/03 : intervention déjà faite, attente retour Montels pour correction sous garantie_x000D_ DR11/03:intervention Montels OK | I85: 43873.517 | J85: KLING | K85: Dans la semaine | L85: RECTIF GAP5 UAP3 VDR2 | M85: 43901.466 | N85: =TEXT(I85,"jj/mm/aaaa") -> 12/02/2020 | O85: =TEXT(M85,"jj/mm/aaaa") -> 11/03/2020 | P85: =IF(N85=O85,1,0) -> 0
A86: 58113 | B86: DI 22120 : SERRURERIE | C86: Clos | D86: 2473-VDR2 | E86: PRESSE BRET 125T | F86: Amelioration | G86: Installation de manchon à souder sur bac de récupération pièce afin d'installer des capteurs de niveau. | H86: herve | I86: 43880.606 | J86: GRIVOTTE | K86: Dans le mois | L86: PREPARATION LOPIN UAP4 VDR2 | M86: 43901.471 | N86: =TEXT(I86,"jj/mm/aaaa") -> 19/02/2020 | O86: =TEXT(M86,"jj/mm/aaaa") -> 11/03/2020 | P86: =IF(N86=O86,1,0) -> 0
A87: 58760 | B87: INTERVENTION DEPANNAGE MAINT | C87: Clos | D87: 2897 - VDR2 | E87: MACHINE DE DEFORMATION ITS | F87: Correctif | G87: jeu sur roulement | H87: ok remise en etat | I87: 43901.49 | J87: DELMAS | L87: DEFORMATION + CONTRO | M87: 43901.492 | N87: =TEXT(I87,"jj/mm/aaaa") -> 11/03/2020 | O87: =TEXT(M87,"jj/mm/aaaa") -> 11/03/2020 | P87: =IF(N87=O87,1,0) -> 1
A88: 58662 | B88: DI 22219 : MAINTENANCE | C88: Clos | D88: 1162-VDR2 | E88: CADMIAGE SOUS VIDE | F88: Correctif | G88: ivd fuite d'air sur tuyau blanc au niveaux d'une élèctrovanne sur le four n 1162 arrière du four | H88: ok | I88: 43899.512 | J88: ACCUEIL | K88: Dans la semaine | L88: VACUUM SURFACE TREATMENT VDR2 | M88: 43901.576 | N88: =TEXT(I88,"jj/mm/aaaa") -> 09/03/2020 | O88: =TEXT(M88,"jj/mm/aaaa") -> 11/03/2020 | P88: =IF(N88=O88,1,0) -> 0
A89: 58763 | B89: DI 22341 : MAINTENANCE | C89: Clos | D89: TDS-UAP1-VDR2 | E89: TRAITEMENT DE SURFACE VDR2 | F89: Correctif | G89: une fuite a la station detox, présence d'un liquide au sol | H89: vue avec prod | I89: 43901.579 | J89: ACCUEIL | K89: Dans la semaine | L89: SAND BLASTING VDR2 | M89: 43901.579 | N89: =TEXT(I89,"jj/mm/aaaa") -> 11/03/2020 | O89: =TEXT(M89,"jj/mm/aaaa") -> 11/03/2020 | P89: =IF(N89=O89,1,0) -> 1
A90: 58764 | B90: DI 22342 : MAINTENANCE | C90: Clos | D90: 1162-VDR2 | E90: CADMIAGE SOUS VIDE | F90: Correctif | G90: fuite d'air au niveau du tuyau blanc au sertissage priche de l'électro vanne sur la machine n 1162 four de cadmiage sous vide | H90: fait | I90: 43901.58 | J90: ACCUEIL | K90: Dans la semaine | L90: VACUUM SURFACE TREATMENT VDR2 | M90: 43901.58 | N90: =TEXT(I90,"jj/mm/aaaa") -> 11/03/2020 | O90: =TEXT(M90,"jj/mm/aaaa") -> 11/03/2020 | P90: =IF(N90=O90,1,0) -> 1
A91: 58151 | B91: INTERVENTION DEPANNAGE MAINT | C91: Clos | D91: 3043-VDR2 | E91: CELLULE ROBOTISEE | F91: Correctif | G91: Probleme de comptage pieces ce qui arrête le cycle | H91: a commander _x000D_ 1 pour utilisé_x000D_ 1 pour stock_x000D_ es 21/02 ddp keyence_x000D_ es 24/02 cde 6132023 livraison 04/03_x000D_ module changé | I91: 43882.244 | J91: SIMIAN | L91: GAP2 ILOT BOEING | M91: 43901.648 | N91: =TEXT(I91,"jj/mm/aaaa") -> 21/02/2020 | O91: =TEXT(M91,"jj/mm/aaaa") -> 11/03/2020 | P91: =IF(N91=O91,1,0) -> 0
A92: 58237 | B92: DI 22122 : MAINTENANCE | C92: Clos | D92: 1697-VDR2 | E92: PRESSE 63T | F92: Amelioration | G92: merci de remplacer les minuteries aiguilles par des minuteries numériques pour + de précision et vérifier le fonctionnement de la minuterie permettant le réglage du temps de montée de l' éjection ._x000D_ voir si possibilité de modifier le moment de soufflage ( est actuellement dès le départ de la montée de l'éjection ; devient déclenchement de la soufflerie à position haute de l'éjection) | H92: a commander 2 tempo _x000D_ chez RS_x000D_ es 24/02 cde 6132030 RS livraison 04/03_x000D_ tempo de maintien changée | I92: 43885.654 | J92: CABRIT | K92: Dans la semaine | L92: GAP 3 Chauffe induction jupe ecrou et decoupe UAP 2 | M92: 43901.649 | N92: =TEXT(I92,"jj/mm/aaaa") -> 24/02/2020 | O92: =TEXT(M92,"jj/mm/aaaa") -> 11/03/2020 | P92: =IF(N92=O92,1,0) -> 0
A93: 58772 | B93: DI 22355 : MAINTENANCE | C93: Clos | D93: 1669-VDR2 | E93: TOUR KNC 100 | F93: Correctif | G93: Manette déplacement axe X et Z HS. La machine se trouve au pôle auto. | I93: 43901.677 | J93: CAVALIE | K93: Dans la semaine | L93: GAP 2 AUTO TOUS ? KNC | M93: 43901.678 | N93: =TEXT(I93,"jj/mm/aaaa") -> 11/03/2020 | O93: =TEXT(M93,"jj/mm/aaaa") -> 11/03/2020 | P93: =IF(N93=O93,1,0) -> 1
A94: 58775 | B94: TRAVAIL SERRURERIE | C94: Clos | D94: 823A-VDR2 | E94: IVD | F94: Correctif | G94: modification pied de maintien électrovanne. | H94: cbt | I94: 43901.682 | J94: BOUTONNET | K94: Dans la journée | L94: IVD | M94: 43901.685 | N94: =TEXT(I94,"jj/mm/aaaa") -> 11/03/2020 | O94: =TEXT(M94,"jj/mm/aaaa") -> 11/03/2020 | P94: =IF(N94=O94,1,0) -> 1
A95: 58776 | B95: INTERVENTION DEPANNAGE MAINT | C95: Clos | D95: 1645-VDR2 | E95: TOUR TRAUB A25 | F95: Correctif | G95: L'ecrou du bras d'amenage pieces est foiré. | H95: Fabrication d'une douille fileté plus soudure sur le bras. | I95: 43901.683 | J95: GLACET | K95: Dans le mois | L95: APPOINTAGE AUTO GAP2-UAP6 | M95: 43901.686 | N95: =TEXT(I95,"jj/mm/aaaa") -> 11/03/2020 | O95: =TEXT(M95,"jj/mm/aaaa") -> 11/03/2020 | P95: =IF(N95=O95,1,0) -> 1
A96: 58742 | B96: TRAVAIL SERRURERIE | C96: Clos | D96: 2828-VDR2 | E96: SABLEUSE | F96: Correctif | G96: fixation de la barre de position en haut cassé | H96: cbt | I96: 43900.848 | J96: GRAS | K96: Dans le mois | L96: DEMOLYKOTAGE | M96: 43901.687 | N96: =TEXT(I96,"jj/mm/aaaa") -> 10/03/2020 | O96: =TEXT(M96,"jj/mm/aaaa") -> 11/03/2020 | P96: =IF(N96=O96,1,0) -> 0
A97: 58721 | B97: DI 22336 : MAINTENANCE | C97: Clos | D97: GAP2-UAP6-VDR2 | E97: VIS TITANE | F97: Correctif | G97: Changement du support sur touret à meuler. | H97: Fabrication d'un nouveau support et mise en place. | I97: 43900.613 | J97: CADAUX | K97: Dans la journée | M97: 43901.687 | N97: =TEXT(I97,"jj/mm/aaaa") -> 10/03/2020 | O97: =TEXT(M97,"jj/mm/aaaa") -> 11/03/2020 | P97: =IF(N97=O97,1,0) -> 0
A98: 58777 | B98: TRAVAIL SERRURERIE | C98: Clos | D98: 3063-VDR2 | E98: SABLEUSE | F98: Correctif | G98: butée du support de buses HS | H98: cbt | I98: 43901.688 | J98: BOUTONNET | L98: VACUUM SURFACE TREATMENT VDR2 | M98: 43901.69 | N98: =TEXT(I98,"jj/mm/aaaa") -> 11/03/2020 | O98: =TEXT(M98,"jj/mm/aaaa") -> 11/03/2020 | P98: =IF(N98=O98,1,0) -> 1
A99: 58768 | B99: DI 22348 : MAINTENANCE | C99: Clos | D99: 2654-VDR2 | E99: CHAINE RESSUAGE | F99: Correctif | G99: Bonjour,_x000D_ _x000D_ Basculer le raccordement actuel en eau recyclée du bain d'arrêt et du bain d'émulsifiant sur l'eau de ville._x000D_ _x000D_ K.JACQUART (220) | I99: 43901.639 | J99: FAGES | K99: Dans la semaine | L99: CND METALLOSCOPE | M99: 43901.694 | N99: =TEXT(I99,"jj/mm/aaaa") -> 11/03/2020 | O99: =TEXT(M99,"jj/mm/aaaa") -> 11/03/2020 | P99: =IF(N99=O99,1,0) -> 1
A100: 58769 | B100: DI 22350 : MAINTENANCE | C100: Clos | D100: 1671-VDR2 | E100: BANC DE MAGNETOSCOPIE | F100: Correctif | G100: Bonjour,_x000D_ _x000D_ Chauffe importante au niveau de l'agitation du bain. Voir si matériel endommagé._x000D_ _x000D_ K.JACQUART (220) | H100: augmentation du brassage pour essayer de refroidir d'avantage et pas laisser le liquide ce décanter. | I100: 43901.641 | J100: FAGES | K100: Dans la semaine | L100: CND METALLOSCOPE | M100: 43901.695 | N100: =TEXT(I100,"jj/mm/aaaa") -> 11/03/2020 | O100: =TEXT(M100,"jj/mm/aaaa") -> 11/03/2020 | P100: =IF(N100=O100,1,0) -> 1
...

Sheet Analyse
A1: Date clôture | B1: Nbr de BT Clos | C1: Nbr BT Clos Créé le même jour (Panne) | D1: BT hors panne | E1: Nbr Personne Présente | F1: Commentaire | G1: Ratio BT clos /personne
A2: 43899 | B2: =COUNTIF(Données!$O$2:$O$322,A2) -> 1 | C2: =SUMPRODUCT((Données!$O$2:$O$322=Analyse!H2)*(Données!$P$2:$P$322=1)) -> 0 | D2: =B2-C2 -> 1 | E2: 16 | F2: Fonctionnement Normal | G2: =B2/E2 -> 0.0625 | H2: =TEXT(A2,"jj/mm/aaaa") -> 09/03/2020
A3: 43900 | B3: =COUNTIF(Données!$O$2:$O$322,A3) -> 0 | C3: =SUMPRODUCT((Données!$O$2:$O$322=Analyse!H3)*(Données!$P$2:$P$322=1)) -> 0 | D3: =B3-C3 -> 0 | E3: 16 | F3: Fonctionnement Normal | G3: =B3/E3 -> 0 | H3: =TEXT(A3,"jj/mm/aaaa") -> 10/03/2020
A4: 43901 | B4: =COUNTIF(Données!$O$2:$O$322,A4) -> 32 | C4: =SUMPRODUCT((Données!$O$2:$O$322=Analyse!H4)*(Données!$P$2:$P$322=1)) -> 18 | D4: =B4-C4 -> 14 | E4: 15 | F4: Fonctionnement Normal | G4: =B4/E4 -> 2.1333333 | H4: =TEXT(A4,"jj/mm/aaaa") -> 11/03/2020
A5: 43902 | B5: =COUNTIF(Données!$O$2:$O$322,A5) -> 29 | C5: =SUMPRODUCT((Données!$O$2:$O$322=Analyse!H5)*(Données!$P$2:$P$322=1)) -> 19 | D5: =B5-C5 -> 10 | E5: 16 | F5: Fonctionnement Normal | G5: =B5/E5 -> 1.8125 | H5: =TEXT(A5,"jj/mm/aaaa") -> 12/03/2020
A6: 43903 | B6: =COUNTIF(Données!$O$2:$O$322,A6) -> 13 | C6: =SUMPRODUCT((Données!$O$2:$O$322=Analyse!H6)*(Données!$P$2:$P$322=1)) -> 11 | D6: =B6-C6 -> 2 | E6: 13 | F6: Fonctionnement Normal | G6: =B6/E6 -> 1 | H6: =TEXT(A6,"jj/mm/aaaa") -> 13/03/2020
A7: 43904 | B7: =COUNTIF(Données!$O$2:$O$322,A7) -> 0 | C7: =SUMPRODUCT((Données!$O$2:$O$322=Analyse!H7)*(Données!$P$2:$P$322=1)) -> 0 | D7: =B7-C7 -> 0 | E7: 0 | F7: WE | G7: x | H7: =TEXT(A7,"jj/mm/aaaa") -> 14/03/2020
A8: 43905 | B8: =COUNTIF(Données!$O$2:$O$322,A8) -> 0 | C8: =SUMPRODUCT((Données!$O$2:$O$322=Analyse!H8)*(Données!$P$2:$P$322=1)) -> 0 | D8: =B8-C8 -> 0 | E8: 0 | F8: WE | G8: x | H8: =TEXT(A8,"jj/mm/aaaa") -> 15/03/2020
A9: 43906 | B9: =COUNTIF(Données!$O$2:$O$322,A9) -> 15 | C9: =SUMPRODUCT((Données!$O$2:$O$322=Analyse!H9)*(Données!$P$2:$P$322=1)) -> 11 | D9: =B9-C9 -> 4 | E9: 8 | F9: Fermeture école | G9: =B9/E9 -> 1.875 | H9: =TEXT(A9,"jj/mm/aaaa") -> 16/03/2020
A10: 43907 | B10: =COUNTIF(Données!$O$2:$O$322,A10) -> 16 | C10: =SUMPRODUCT((Données!$O$2:$O$322=Analyse!H10)*(Données!$P$2:$P$322=1)) -> 15 | D10: =B10-C10 -> 1 | E10: 9 | F10: Fermeture école | G10: =B10/E10 -> 1.7777778 | H10: =TEXT(A10,"jj/mm/aaaa") -> 17/03/2020
A11: 43908 | B11: =COUNTIF(Données!$O$2:$O$322,A11) -> 2 | C11: =SUMPRODUCT((Données!$O$2:$O$322=Analyse!H11)*(Données!$P$2:$P$322=1)) -> 0 | D11: =B11-C11 -> 2 | E11: 2 | F11: Fermeture usine | G11: =B11/E11 -> 1 | H11: =TEXT(A11,"jj/mm/aaaa") -> 18/03/2020
A12: 43909 | B12: =COUNTIF(Données!$O$2:$O$322,A12) -> 0 | C12: =SUMPRODUCT((Données!$O$2:$O$322=Analyse!H12)*(Données!$P$2:$P$322=1)) -> 0 | D12: =B12-C12 -> 0 | E12: 0 | F12: Fermeture usine | G12: X | H12: =TEXT(A12,"jj/mm/aaaa") -> 19/03/2020
A13: 43910 | B13: =COUNTIF(Données!$O$2:$O$322,A13) -> 0 | C13: =SUMPRODUCT((Données!$O$2:$O$322=Analyse!H13)*(Données!$P$2:$P$322=1)) -> 0 | D13: =B13-C13 -> 0 | E13: 0 | F13: Fermeture usine | G13: X | H13: =TEXT(A13,"jj/mm/aaaa") -> 20/03/2020
A14: 43911 | B14: =COUNTIF(Données!$O$2:$O$322,A14) -> 0 | C14: =SUMPRODUCT((Données!$O$2:$O$322=Analyse!H14)*(Données!$P$2:$P$322=1)) -> 0 | D14: =B14-C14 -> 0 | E14: 0 | F14: WE | G14: X | H14: =TEXT(A14,"jj/mm/aaaa") -> 21/03/2020
A15: 43912 | B15: =COUNTIF(Données!$O$2:$O$322,A15) -> 0 | C15: =SUMPRODUCT((Données!$O$2:$O$322=Analyse!H15)*(Données!$P$2:$P$322=1)) -> 0 | D15: =B15-C15 -> 0 | E15: 0 | F15: WE | G15: X | H15: =TEXT(A15,"jj/mm/aaaa") -> 22/03/2020
A16: 43913 | B16: =COUNTIF(Données!$O$2:$O$322,A16) -> 0 | C16: =SUMPRODUCT((Données!$O$2:$O$322=Analyse!H16)*(Données!$P$2:$P$322=1)) -> 0 | D16: =B16-C16 -> 0 | E16: 0 | F16: Fermeture usine | G16: X | H16: =TEXT(A16,"jj/mm/aaaa") -> 23/03/2020
A17: 43914 | B17: =COUNTIF(Données!$O$2:$O$322,A17) -> 6 | C17: =SUMPRODUCT((Données!$O$2:$O$322=Analyse!H17)*(Données!$P$2:$P$322=1)) -> 5 | D17: =B17-C17 -> 1 | E17: 4 | F17: Chômage partiel | G17: =B17/E17 -> 1.5 | H17: =TEXT(A17,"jj/mm/aaaa") -> 24/03/2020
A18: 43915 | B18: =COUNTIF(Données!$O$2:$O$322,A18) -> 17 | C18: =SUMPRODUCT((Données!$O$2:$O$322=Analyse!H18)*(Données!$P$2:$P$322=1)) -> 14 | D18: =B18-C18 -> 3 | E18: 4 | F18: Chômage partiel | G18: =B18/E18 -> 4.25 | H18: =TEXT(A18,"jj/mm/aaaa") -> 25/03/2020
A19: 43916 | B19: =COUNTIF(Données!$O$2:$O$322,A19) -> 7 | C19: =SUMPRODUCT((Données!$O$2:$O$322=Analyse!H19)*(Données!$P$2:$P$322=1)) -> 5 | D19: =B19-C19 -> 2 | E19: 4 | F19: Chômage partiel | G19: =B19/E19 -> 1.75 | H19: =TEXT(A19,"jj/mm/aaaa") -> 26/03/2020
A20: 43917 | B20: =COUNTIF(Données!$O$2:$O$322,A20) -> 10 | C20: =SUMPRODUCT((Données!$O$2:$O$322=Analyse!H20)*(Données!$P$2:$P$322=1)) -> 6 | D20: =B20-C20 -> 4 | E20: 4 | F20: Chômage partiel | G20: =B20/E20 -> 2.5 | H20: =TEXT(A20,"jj/mm/aaaa") -> 27/03/2020
A21: 43918 | B21: =COUNTIF(Données!$O$2:$O$322,A21) -> 0 | C21: =SUMPRODUCT((Données!$O$2:$O$322=Analyse!H21)*(Données!$P$2:$P$322=1)) -> 0 | D21: =B21-C21 -> 0 | E21: 0 | F21: WE | G21: X | H21: =TEXT(A21,"jj/mm/aaaa") -> 28/03/2020
A22: 43919 | B22: =COUNTIF(Données!$O$2:$O$322,A22) -> 0 | C22: =SUMPRODUCT((Données!$O$2:$O$322=Analyse!H22)*(Données!$P$2:$P$322=1)) -> 0 | D22: =B22-C22 -> 0 | E22: 0 | F22: WE | G22: X | H22: =TEXT(A22,"jj/mm/aaaa") -> 29/03/2020
A23: 43920 | B23: =COUNTIF(Données!$O$2:$O$322,A23) -> 1 | C23: =SUMPRODUCT((Données!$O$2:$O$322=Analyse!H23)*(Données!$P$2:$P$322=1)) -> 0 | D23: =B23-C23 -> 1 | E23: 6 | F23: Chômage partiel | G23: =B23/E23 -> 0.16666667 | H23: =TEXT(A23,"jj/mm/aaaa") -> 30/03/2020
A24: 43921 | B24: =COUNTIF(Données!$O$2:$O$322,A24) -> 4 | C24: =SUMPRODUCT((Données!$O$2:$O$322=Analyse!H24)*(Données!$P$2:$P$322=1)) -> 3 | D24: =B24-C24 -> 1 | E24: 6 | F24: Chômage partiel | G24: =B24/E24 -> 0.66666667 | H24: =TEXT(A24,"jj/mm/aaaa") -> 31/03/2020
A25: 43922 | B25: =COUNTIF(Données!$O$2:$O$322,A25) -> 14 | C25: =SUMPRODUCT((Données!$O$2:$O$322=Analyse!H25)*(Données!$P$2:$P$322=1)) -> 10 | D25: =B25-C25 -> 4 | E25: 6 | F25: Chômage partiel | G25: =B25/E25 -> 2.3333333 | H25: =TEXT(A25,"jj/mm/aaaa") -> 01/04/2020
A26: 43923 | B26: =COUNTIF(Données!$O$2:$O$322,A26) -> 4 | C26: =SUMPRODUCT((Données!$O$2:$O$322=Analyse!H26)*(Données!$P$2:$P$322=1)) -> 3 | D26: =B26-C26 -> 1 | E26: 6 | F26: Chômage partiel | G26: =B26/E26 -> 0.66666667 | H26: =TEXT(A26,"jj/mm/aaaa") -> 02/04/2020
A27: 43924 | B27: =COUNTIF(Données!$O$2:$O$322,A27) -> 6 | C27: =SUMPRODUCT((Données!$O$2:$O$322=Analyse!H27)*(Données!$P$2:$P$322=1)) -> 5 | D27: =B27-C27 -> 1 | E27: 6 | F27: Chômage partiel | G27: =B27/E27 -> 1 | H27: =TEXT(A27,"jj/mm/aaaa") -> 03/04/2020
A28: 43925 | B28: =COUNTIF(Données!$O$2:$O$322,A28) -> 0 | C28: =SUMPRODUCT((Données!$O$2:$O$322=Analyse!H28)*(Données!$P$2:$P$322=1)) -> 0 | D28: =B28-C28 -> 0 | E28: 0 | F28: WE | G28: X | H28: =TEXT(A28,"jj/mm/aaaa") -> 04/04/2020
A29: 43926 | B29: =COUNTIF(Données!$O$2:$O$322,A29) -> 0 | C29: =SUMPRODUCT((Données!$O$2:$O$322=Analyse!H29)*(Données!$P$2:$P$322=1)) -> 0 | D29: =B29-C29 -> 0 | E29: 0 | F29: WE | G29: X | H29: =TEXT(A29,"jj/mm/aaaa") -> 05/04/2020
A30: 43927 | B30: =COUNTIF(Données!$O$2:$O$322,A30) -> 7 | C30: =SUMPRODUCT((Données!$O$2:$O$322=Analyse!H30)*(Données!$P$2:$P$322=1)) -> 7 | D30: =B30-C30 -> 0 | E30: 6 | F30: Chômage partiel | G30: =B30/E30 -> 1.1666667 | H30: =TEXT(A30,"jj/mm/aaaa") -> 06/04/2020
A31: 43928 | B31: =COUNTIF(Données!$O$2:$O$322,A31) -> 15 | C31: =SUMPRODUCT((Données!$O$2:$O$322=Analyse!H31)*(Données!$P$2:$P$322=1)) -> 15 | D31: =B31-C31 -> 0 | E31: 6 | F31: Chômage partiel | G31: =B31/E31 -> 2.5 | H31: =TEXT(A31,"jj/mm/aaaa") -> 07/04/2020
A32: 43929 | B32: =COUNTIF(Données!$O$2:$O$322,A32) -> 22 | C32: =SUMPRODUCT((Données!$O$2:$O$322=Analyse!H32)*(Données!$P$2:$P$322=1)) -> 22 | D32: =B32-C32 -> 0 | E32: 6 | F32: Chômage partiel | G32: =B32/E32 -> 3.6666667 | H32: =TEXT(A32,"jj/mm/aaaa") -> 08/04/2020
A33: 43930 | B33: =COUNTIF(Données!$O$2:$O$322,A33) -> 9 | C33: =SUMPRODUCT((Données!$O$2:$O$322=Analyse!H33)*(Données!$P$2:$P$322=1)) -> 8 | D33: =B33-C33 -> 1 | E33: 6 | F33: Chômage partiel | G33: =B33/E33 -> 1.5 | H33: =TEXT(A33,"jj/mm/aaaa") -> 09/04/2020
A34: 43931 | B34: =COUNTIF(Données!$O$2:$O$322,A34) -> 15 | C34: =SUMPRODUCT((Données!$O$2:$O$322=Analyse!H34)*(Données!$P$2:$P$322=1)) -> 9 | D34: =B34-C34 -> 6 | E34: 6 | F34: Chômage partiel | G34: =B34/E34 -> 2.5 | H34: =TEXT(A34,"jj/mm/aaaa") -> 10/04/2020
A35: 43932 | B35: =COUNTIF(Données!$O$2:$O$322,A35) -> 0 | C35: =SUMPRODUCT((Données!$O$2:$O$322=Analyse!H35)*(Données!$P$2:$P$322=1)) -> 0 | D35: =B35-C35 -> 0 | E35: 0 | F35: WE | G35: x | H35: =TEXT(A35,"jj/mm/aaaa") -> 11/04/2020
A36: 43933 | B36: =COUNTIF(Données!$O$2:$O$322,A36) -> 0 | C36: =SUMPRODUCT((Données!$O$2:$O$322=Analyse!H36)*(Données!$P$2:$P$322=1)) -> 0 | D36: =B36-C36 -> 0 | E36: 0 | F36: WE | G36: x | H36: =TEXT(A36,"jj/mm/aaaa") -> 12/04/2020
A37: 43934 | B37: =COUNTIF(Données!$O$2:$O$322,A37) -> 0 | C37: =SUMPRODUCT((Données!$O$2:$O$322=Analyse!H37)*(Données!$P$2:$P$322=1)) -> 0 | D37: =B37-C37 -> 0 | E37: 0 | F37: WE | G37: x | H37: =TEXT(A37,"jj/mm/aaaa") -> 13/04/2020
A38: 43935 | B38: =COUNTIF(Données!$O$2:$O$322,A38) -> 1 | C38: =SUMPRODUCT((Données!$O$2:$O$322=Analyse!H38)*(Données!$P$2:$P$322=1)) -> 0 | D38: =B38-C38 -> 1 | E38: 6 | F38: Chômage partiel | G38: =B38/E38 -> 0.16666667 | H38: =TEXT(A38,"jj/mm/aaaa") -> 14/04/2020
A39: 43936 | B39: =COUNTIF(Données!$O$2:$O$322,A39) -> 0 | C39: =SUMPRODUCT((Données!$O$2:$O$322=Analyse!H39)*(Données!$P$2:$P$322=1)) -> 0 | D39: =B39-C39 -> 0 | E39: 6 | F39: Chômage partiel | G39: =B39/E39 -> 0 | H39: =TEXT(A39,"jj/mm/aaaa") -> 15/04/2020
A40: 43937 | B40: =COUNTIF(Données!$O$2:$O$322,A40) -> 0 | C40: =SUMPRODUCT((Données!$O$2:$O$322=Analyse!H40)*(Données!$P$2:$P$322=1)) -> 0 | D40: =B40-C40 -> 0 | E40: 6 | F40: Chômage partiel | G40: =B40/E40 -> 0 | H40: =TEXT(A40,"jj/mm/aaaa") -> 16/04/2020
A41: 43938 | B41: =COUNTIF(Données!$O$2:$O$322,A41) -> 0 | C41: =SUMPRODUCT((Données!$O$2:$O$322=Analyse!H41)*(Données!$P$2:$P$322=1)) -> 0 | D41: =B41-C41 -> 0 | E41: 6 | F41: Chômage partiel | G41: =B41/E41 -> 0 | H41: =TEXT(A41,"jj/mm/aaaa") -> 17/04/2020
A42: 43939 | B42: =COUNTIF(Données!$O$2:$O$322,A42) -> 0 | C42: =SUMPRODUCT((Données!$O$2:$O$322=Analyse!H42)*(Données!$P$2:$P$322=1)) -> 0 | D42: =B42-C42 -> 0 | E42: 0 | F42: WE | G42: x | H42: =TEXT(A42,"jj/mm/aaaa") -> 18/04/2020
A43: 43940 | B43: =COUNTIF(Données!$O$2:$O$322,A43) -> 0 | C43: =SUMPRODUCT((Données!$O$2:$O$322=Analyse!H43)*(Données!$P$2:$P$322=1)) -> 0 | D43: =B43-C43 -> 0 | E43: 0 | F43: WE | G43: x | H43: =TEXT(A43,"jj/mm/aaaa") -> 19/04/2020
A44: 43941 | B44: =COUNTIF(Données!$O$2:$O$322,A44) -> 1 | C44: =SUMPRODUCT((Données!$O$2:$O$322=Analyse!H44)*(Données!$P$2:$P$322=1)) -> 1 | D44: =B44-C44 -> 0 | E44: 6 | F44: Chômage partiel | G44: =B44/E44 -> 0.16666667 | H44: =TEXT(A44,"jj/mm/aaaa") -> 20/04/2020
A45: 43942 | B45: =COUNTIF(Données!$O$2:$O$322,A45) -> 7 | C45: =SUMPRODUCT((Données!$O$2:$O$322=Analyse!H45)*(Données!$P$2:$P$322=1)) -> 4 | D45: =B45-C45 -> 3 | E45: 6 | F45: Chômage partiel | G45: =B45/E45 -> 1.1666667 | H45: =TEXT(A45,"jj/mm/aaaa") -> 21/04/2020
A46: 43943 | B46: =COUNTIF(Données!$O$2:$O$322,A46) -> 7 | C46: =SUMPRODUCT((Données!$O$2:$O$322=Analyse!H46)*(Données!$P$2:$P$322=1)) -> 7 | D46: =B46-C46 -> 0 | E46: 6 | F46: Chômage partiel | G46: =B46/E46 -> 1.1666667 | H46: =TEXT(A46,"jj/mm/aaaa") -> 22/04/2020
A47: 43944 | B47: =COUNTIF(Données!$O$2:$O$322,A47) -> 17 | C47: =SUMPRODUCT((Données!$O$2:$O$322=Analyse!H47)*(Données!$P$2:$P$322=1)) -> 11 | D47: =B47-C47 -> 6 | E47: 6 | F47: Chômage partiel | G47: =B47/E47 -> 2.8333333 | H47: =TEXT(A47,"jj/mm/aaaa") -> 23/04/2020
A48: 43945 | B48: =COUNTIF(Données!$O$2:$O$322,A48) -> 11 | C48: =SUMPRODUCT((Données!$O$2:$O$322=Analyse!H48)*(Données!$P$2:$P$322=1)) -> 8 | D48: =B48-C48 -> 3 | E48: 6 | F48: Chômage partiel | G48: =B48/E48 -> 1.8333333 | H48: =TEXT(A48,"jj/mm/aaaa") -> 24/04/2020
A49: 43946 | B49: =COUNTIF(Données!$O$2:$O$322,A49) -> 0 | C49: =SUMPRODUCT((Données!$O$2:$O$322=Analyse!H49)*(Données!$P$2:$P$322=1)) -> 0 | D49: =B49-C49 -> 0 | E49: 0 | F49: WE | G49: x | H49: =TEXT(A49,"jj/mm/aaaa") -> 25/04/2020
A50: 43947 | B50: =COUNTIF(Données!$O$2:$O$322,A50) -> 0 | C50: =SUMPRODUCT((Données!$O$2:$O$322=Analyse!H50)*(Données!$P$2:$P$322=1)) -> 0 | D50: =B50-C50 -> 0 | E50: 0 | F50: WE | G50: x | H50: =TEXT(A50,"jj/mm/aaaa") -> 26/04/2020
A51: 43948 | B51: =COUNTIF(Données!$O$2:$O$322,A51) -> 11 | C51: =SUMPRODUCT((Données!$O$2:$O$322=Analyse!H51)*(Données!$P$2:$P$322=1)) -> 6 | D51: =B51-C51 -> 5 | E51: 8 | F51: Chômage partiel | G51: =B51/E51 -> 1.375 | H51: =TEXT(A51,"jj/mm/aaaa") -> 27/04/2020
A52: 43949 | B52: =COUNTIF(Données!$O$2:$O$322,A52) -> 12 | C52: =SUMPRODUCT((Données!$O$2:$O$322=Analyse!H52)*(Données!$P$2:$P$322=1)) -> 6 | D52: =B52-C52 -> 6 | E52: 8 | F52: Chômage partiel | G52: =B52/E52 -> 1.5 | H52: =TEXT(A52,"jj/mm/aaaa") -> 28/04/2020
A53: 43950 | B53: =COUNTIF(Données!$O$2:$O$322,A53) -> 5 | C53: =SUMPRODUCT((Données!$O$2:$O$322=Analyse!H53)*(Données!$P$2:$P$322=1)) -> 2 | D53: =B53-C53 -> 3 | E53: 8 | F53: Chômage partiel | G53: =B53/E53 -> 0.625 | H53: =TEXT(A53,"jj/mm/aaaa") -> 29/04/2020 | I53: X
A54: 43951 | B54: =COUNTIF(Données!$O$2:$O$322,A54) -> 0 | C54: =SUMPRODUCT((Données!$O$2:$O$322=Analyse!H54)*(Données!$P$2:$P$322=1)) -> 0 | D54: =B54-C54 -> 0 | E54: 8 | F54: Chômage partiel | G54: =B54/E54 -> 0 | H54: =TEXT(A54,"jj/mm/aaaa") -> 30/04/2020
A55: 43952 | B55: =COUNTIF(Données!$O$2:$O$322,A55) -> 0 | C55: =SUMPRODUCT((Données!$O$2:$O$322=Analyse!H55)*(Données!$P$2:$P$322=1)) -> 0 | D55: =B55-C55 -> 0 | E55: 0 | F55: jour férier | G55: x | H55: =TEXT(A55,"jj/mm/aaaa") -> 01/05/2020
A56: 43953 | B56: =COUNTIF(Données!$O$2:$O$322,A56) -> 0 | C56: =SUMPRODUCT((Données!$O$2:$O$322=Analyse!H56)*(Données!$P$2:$P$322=1)) -> 0 | D56: =B56-C56 -> 0 | E56: 0 | F56: WE | G56: x | H56: =TEXT(A56,"jj/mm/aaaa") -> 02/05/2020
A57: 43954 | B57: =COUNTIF(Données!$O$2:$O$322,A57) -> 0 | C57: =SUMPRODUCT((Données!$O$2:$O$322=Analyse!H57)*(Données!$P$2:$P$322=1)) -> 0 | D57: =B57-C57 -> 0 | E57: 0 | F57: WE | G57: x | H57: =TEXT(A57,"jj/mm/aaaa") -> 03/05/2020
A58: 43955 | B58: =COUNTIF(Données!$O$2:$O$322,A58) -> 0 | C58: =SUMPRODUCT((Données!$O$2:$O$322=Analyse!H58)*(Données!$P$2:$P$322=1)) -> 0 | D58: =B58-C58 -> 0 | E58: 0 | F58: Fermeture usine | G58: x | H58: =TEXT(A58,"jj/mm/aaaa") -> 04/05/2020
A59: 43956 | B59: =COUNTIF(Données!$O$2:$O$322,A59) -> 0 | C59: =SUMPRODUCT((Données!$O$2:$O$322=Analyse!H59)*(Données!$P$2:$P$322=1)) -> 0 | D59: =B59-C59 -> 0 | E59: 0 | F59: Fermeture usine | G59: x | H59: =TEXT(A59,"jj/mm/aaaa") -> 05/05/2020
A60: 43957 | B60: =COUNTIF(Données!$O$2:$O$322,A60) -> 0 | C60: =SUMPRODUCT((Données!$O$2:$O$322=Analyse!H60)*(Données!$P$2:$P$322=1)) -> 0 | D60: =B60-C60 -> 0 | E60: 0 | F60: Fermeture usine | G60: x | H60: =TEXT(A60,"jj/mm/aaaa") -> 06/05/2020
A61: 43958 | B61: =COUNTIF(Données!$O$2:$O$322,A61) -> 0 | C61: =SUMPRODUCT((Données!$O$2:$O$322=Analyse!H61)*(Données!$P$2:$P$322=1)) -> 0 | D61: =B61-C61 -> 0 | E61: 0 | F61: Fermeture usine | G61: x | H61: =TEXT(A61,"jj/mm/aaaa") -> 07/05/2020
A62: 43959 | B62: =COUNTIF(Données!$O$2:$O$322,A62) -> 0 | C62: =SUMPRODUCT((Données!$O$2:$O$322=Analyse!H62)*(Données!$P$2:$P$322=1)) -> 0 | D62: =B62-C62 -> 0 | E62: 0 | F62: jour férier | G62: x | H62: =TEXT(A62,"jj/mm/aaaa") -> 08/05/2020
A63: 43960 | B63: =COUNTIF(Données!$O$2:$O$322,A63) -> 0 | C63: =SUMPRODUCT((Données!$O$2:$O$322=Analyse!H63)*(Données!$P$2:$P$322=1)) -> 0 | D63: =B63-C63 -> 0 | E63: 0 | F63: WE | G63: x | H63: =TEXT(A63,"jj/mm/aaaa") -> 09/05/2020
A64: 43961 | B64: =COUNTIF(Données!$O$2:$O$322,A64) -> 0 | C64: =SUMPRODUCT((Données!$O$2:$O$322=Analyse!H64)*(Données!$P$2:$P$322=1)) -> 0 | D64: =B64-C64 -> 0 | E64: 0 | F64: WE | G64: x | H64: =TEXT(A64,"jj/mm/aaaa") -> 10/05/2020
A65: 43962 | B65: =COUNTIF(Données!$O$2:$O$322,A65) -> 0 | C65: =SUMPRODUCT((Données!$O$2:$O$322=Analyse!H65)*(Données!$P$2:$P$322=1)) -> 0 | D65: =B65-C65 -> 0 | E65: 8 | G65: =B65/E65 -> 0 | H65: =TEXT(A65,"jj/mm/aaaa") -> 11/05/2020

Sheet Feuil6
